 Seeded DCSS version 0.29.1-1-gd02db6906a (webtiles) character file.

Game seed: 1 (custom seed)

100 Kazon the Covered (level 4, -4/35 HPs)
             Began as a Vampire Fighter on Oct 13, 2022.
             Killed by divine providence
             ... invoked by an orc priest
              (11 damage)
             ... on level 3 of the Dungeon.
             The game lasted 00:08:22 (1610 turns).

Kazon the Covered (Vampire Fighter)                 Turns: 1610, Time: 00:08:24

Health: -4/35      AC: 11    Str: 23    XL:     4   Next: 46%
Magic:  4/4        EV:  9    Int: 10    God:
Gold:   22         SH:  4    Dex: 13    Spells: 3/3 levels left

rFire   . . .      SeeInvis +   s - +3 falchion of Winter {venom, rCorr}
rCold   . . .      Faith    .   c - +0 buckler
rNeg    . . .      Spirit   .   b - +0 scale mail
rPois   +          Reflect  .   k - +0 helmet
rElec   .          Harm     .   (no cloak)
rCorr   +          Rampage  .   (no gloves)
Will    .....                   l - +2 pair of boots
Stlth   ..........              f - amulet of the acrobat
HPRegen 0.31/turn               p - ring of Bubyake {rPois Str+6}
MPRegen 0.09/turn               (no ring)

@: healing quickly
A: alive, fangs 3, see invisible, vampiric 2
a: Exsanguinate


You were on level 3 of the Dungeon.
You visited 1 branch of the dungeon, and saw 3 of its levels.

You collected 206 gold pieces.
You spent 184 gold pieces at shops.

Inventory:

Hand Weapons
 a - a +0 long sword
 e - a +2 dagger of venom
 s - the +3 falchion of Winter (weapon) {venom, rCorr}
   (You bought it in a shop on level 3 of the Dungeon)

   It poisons the flesh of those it strikes.
   rCorr:     It protects you from acid and corrosion.
Missiles
 j - 19 stones (quivered)
 n - 3 boomerangs
 r - a throwing net
Armour
 b - a +0 scale mail (worn)
 c - a +0 buckler (worn)
 k - a +0 helmet (worn)
 l - a +2 pair of boots (worn)
Jewellery
 f - an amulet of the acrobat (around neck)
 p - the ring of Bubyake (left hand) {rPois Str+6}
   (You acquired it on level 1 of the Dungeon)

   [ring of strength]

   Str:       It affects your strength (+6).
   rPois:     It protects you from poison.
 t - a ring of positive energy
Scrolls
 o - a scroll of immolation {unknown}
 q - a scroll of fog {unknown}
 u - 2 scrolls of identify
Potions
 d - a potion of might
 g - a potion of haste
 h - a potion of flight
 m - 2 potions of berserk rage


   Skills:
 * Level 3.1 Fighting
 + Level 0.3(1.9) Short Blades
 + Level 2.7 Long Blades
 + Level 3.3 Armour
 + Level 0.4 Dodging
 + Level 3.1 Shields


You had 3 spell levels left.
You didn't know any spells.
Your spell library contained the following spells:

 Spells                   Type           Power      Damage    Failure   Level
 Apportation              Tloc           0%         N/A       77%         1
 Necrotise                Necr           0%         1d4       77%         1
 Sting                    Tmut/Pois      0%         1d3       77%         1
 Summon Small Mammal      Summ           0%         N/A       77%         1
 Poisonous Vapours        Pois/Air       0%         N/A       88%         2
 Olgreb's Toxic Radiance  Pois           0%         N/A       100%        4


Dungeon Overview and Level Annotations

Branches:
Dungeon (3/15)

Altars:

Shops:
D:3 (


Innate Abilities, Weirdness & Mutations

Your natural rate of healing is accelerated.
You have razor-sharp teeth.
You have supernaturally acute eyesight. (SInv)
You are afflicted with vampirism and can become a bat while bloodless.


Message History

Press: ? - help, Q - select action, (/) - cycle Shift-Dir - straight line, f/p - orc
Aim: an orc, wielding a +0 club and quivering boomerangs (moderately wounded, 57% to hit)
You throw a stone. The stone closely misses the orc.
The stone barely misses the orc priest.
The orc shouts!
You hear a shout!
The orc priest mumbles some strange prayers to Beogh against you.
Beogh smites you!
You hear a shout!
Throw: 20 stones
Press: ? - help, Q - select action, (/) - cycle Shift-Dir - straight line, f/p - orc
Aim: an orc, wielding a +0 club and quivering boomerangs (moderately wounded, 57% to hit)
You throw a stone. The stone closely misses the orc.
The stone hits the orc.
The orc is lightly wounded.
An orc comes into view. It is wielding a +0 mace.
An orc comes into view. It is wielding a +0 club.
The orc shouts!
You block the orc's attack.
You barely miss the orc.
The orc is moderately wounded.
The orc hits you but does no damage.
The orc hits you with a +1 dagger of holy wrath.
You convulse.
You hit the orc.
You kill the orc!
The orc hits you with a +0 club.
The orc priest mumbles some strange prayers to Beogh against you.
Pain shoots through your body!
* * * LOW HITPOINT WARNING * * *
You completely miss the orc.
The orc is moderately wounded.
The orc closely misses you.
Unknown command.
You hit the orc priest.
The orc priest is poisoned.
The orc priest is moderately wounded.
You block the orc's attack.
The orc priest looks braver for a moment.
The orc priest mumbles some strange prayers to Beogh against you.
Beogh smites you!
You die...

.............#...
..........#.#.# .#
... ...............
.. ... ..........#.#
.# ....
............#
.......
†.........#.+ .#...
....#..#.#..# o..
.#.#.#.#..#.##+##o##
.......##......o@o.#
.#.#.#.####.#.#.#.##
.......# #########
.#.#.#.# .......#
.#.#.### .....>#
.#.#.## ######


You could see an orc priest (very poisoned) and 3 orcs.

Vanquished Creatures
  3 gnolls (D:2)
  2 adders (D:2)
  A worm (D:2)
  An orc (D:3)
  9 endoplasms
  A giant cockroach (D:1)
  7 goblins
  6 hobgoblins
  3 kobolds
  A quokka (D:1)
  2 ball pythons (D:2)
  3 bats
  3 frilled lizards
  5 rats
47 creatures vanquished.

Notes
Turn   | Place    | Note
-------+----------+-------------------------------------------
     0 | D:1      | Kazon the Vampire Fighter began the quest for the Orb.
     0 | D:1      | Reached XP level 1. HP: 17/17 MP: 1/1
    32 | D:1      | Identified a scroll of acquirement
    32 | D:1      | Acquired the ring of Bubyake {rPois Str+6}
   153 | D:1      | Reached XP level 2. HP: 23/23 MP: 2/2
   757 | D:2      | Gained mutation: You are afflicted with vampirism and can
                  | become a bat while bloodless. [Vampire growth]
   757 | D:2      | Reached XP level 3. HP: 28/28 MP: 3/3
  1143 | D:2      | Reached XP level 4. HP: 11/35 MP: 4/4
  1390 | D:3      | Found Umat's Antique Weapon Boutique.
  1420 | D:3      | Bought a crude falchion for 184 gold pieces
  1420 | D:3      | Identified the +3 falchion of Winter {venom, rCorr} (You
                  | bought it in a shop on level 3 of the Dungeon)
  1610 | D:3      | Killed from afar by an orc priest

Illustrated notes

Levels and vault maps discovered:
D:1:      dpeg_arrival_three_smaller_balls, layout_basic
D:2:      layout_loops_ring
D:3:      layout_basic, serial_shops, nicolae_shop_stone, st_stairs_9,
          minmay_misc_feat_doors, eino_curves_03, uniq_robin

Skill      XL: |  1  2  3 |
---------------+----------+-----
Shields        | 3 |  3.1
Armour         | 3 |  3.3
Fighting       | 3 |  3.1
Short Blades   | |  0.3
Long Blades    | |  2.7
Dodging        | |  0.4

Action                   |  1- 3 |  4- 6 || total
-------------------------+-------+-------++-------
Melee: Long sword        |    62 |       ||    62
       Bite              |     9 |     3 ||    12
       Dagger            |    20 |    12 ||    32
       Falchion          |       |    19 ||    19
Throw: Stone             |       |     7 ||     7
  Use: Scroll            |     1 |     4 ||     5
Armor: Scale mail        |    40 |     8 ||    48
Dodge: Dodged            |    44 |    12 ||    56
Block: Buckler           |    21 |     6 ||    27
